 Dungeon Crawl Stone Soup version 0.30-a0-606-ga80edbb (webtiles) character file.

Game seed: 11406996817033609905

50 jagoly the Vexing (level 3, 0/25 HPs)
             Began as a Draconian Hexslinger on Jan 7, 2023.
             Succumbed to an adder's poison
             ... on level 2 of the Dungeon.
             The game lasted 00:04:18 (1277 turns).

jagoly the Vexing (Draconian Hexslinger)            Turns: 1277, Time: 00:04:18

Health: 0/25       AC:  5    Str: 12    XL:     3   Next: 55%
Magic:  4/4        EV: 12    Int: 13    God:
Gold:   131        SH:  0    Dex: 13    Spells: 3/4 levels left

rFire   . . .      SeeInvis .    a - +1 sling
rCold   . . .      Faith    .    (no shield)
rNeg    . . .      Spirit   .    (body armour unavailable)
rPois   .          Reflect  .    (helmet restricted)
rElec   .          Harm     .    (no cloak)
rCorr   .          Rampage  .    (no gloves)
Will    .....                    (no boots)
Stlth   ++                       (no amulet)
HPRegen 0.24/turn                (no ring)
MPRegen 0.09/turn                (no ring)

@: lethally poisoned (0 -> -4), flying, hasted, very quick
A: AC +5, unfitting armour, cold-blooded, frail 1, MP-powered wands
a: no special abilities


You were on level 2 of the Dungeon.
You visited 1 branch of the dungeon, and saw 2 of its levels.

You collected 131 gold pieces.

Inventory:

Hand Weapons
 a - a +1 sling (weapon)
Scrolls
 b - a scroll of poison
 d - a scroll of vulnerability {unknown}
 e - 2 scrolls of fog
 g - a scroll of noise {unknown}
 h - 2 scrolls of blinking {unknown}
 i - a scroll of teleportation {unknown}
 j - 3 scrolls of identify {unknown}
Potions
 c - a potion of haste


   Skills:
 - Level 1.1 Fighting
 * Level 2.7 Ranged Weapons
 - Level 1.7 Dodging
 - Level 2.0 Stealth
 - Level 1.0 Spellcasting
 - Level 3.0 Hexes


You had 3 spell levels left.
You knew the following spells:

 Your Spells              Type           Power      Damage    Failure   Level
a - Slow                  Hex            32%        N/A       9%          1

Your spell library contained the following spells:

 Spells                   Type           Power      Damage    Failure   Level
 Inner Flame              Hex/Fire       4%         N/A       41%         3
 Portal Projectile        Hex/Tloc       8%         N/A       41%         3
 Cause Fear               Hex            4%         N/A       63%         4


Dungeon Overview and Level Annotations

Branches:
Dungeon (2/15) Zot: 10684

Altars:


Innate Abilities, Weirdness & Mutations

Your plain brown scales are hard. (AC +5)
You cannot fit into any form of body armour.
You are cold-blooded and may be slowed by cold attacks.
You are frail. (-10% HP)
You expend magic power (3 MP) to strengthen your wands.


Message History

The sling bullet barely misses the hobgoblin.
The hobgoblin completely misses you.
You shoot a sling bullet. The sling bullet hits the hobgoblin.
The hobgoblin is moderately wounded.
The hobgoblin hits you but does no damage.
You shoot a sling bullet.
The sling bullet closely misses the hobgoblin.
The hobgoblin hits you but does no damage.
You shoot a sling bullet.
The sling bullet barely misses the hobgoblin.
The hobgoblin barely misses you. x2
You shoot a sling bullet. The sling bullet hits the hobgoblin.
You kill the hobgoblin!
No target in view!
You now have 31 gold pieces (gained 13).
You now have 42 gold pieces (gained 11).
A rat comes into view.
A rat is nearby!
You shoot a sling bullet. The sling bullet barely misses the rat.
You shoot a sling bullet.
The sling bullet closely misses the rat.
You shoot a sling bullet. The sling bullet hits the rat.
The rat is severely wounded.
You shoot a sling bullet. The sling bullet barely misses the rat.
You shoot a sling bullet.
The sling bullet closely misses the rat.
The rat bites you but does no damage.
You shoot a sling bullet.
The sling bullet closely misses the rat.
The rat closely misses you. The rat completely misses you.
You shoot a sling bullet. The sling bullet hits the rat!
You kill the rat!
No target in view!
A rat comes into view.
You shoot a sling bullet. The sling bullet hits the rat.
You kill the rat!
No target in view!
No target in view!
A bat comes into view.
Found an escape hatch in the floor.
You shoot a sling bullet. The sling bullet hits the bat!
You kill the bat!
No target in view!
No target in view!
Found a sling.
Found a robe.
g - a scroll labelled ONLAARGHAPT EMAOS
h - a scroll labelled LUWNEO YNYMAR
There is an escape hatch in the floor here.
Found a dagger.
You see here a +0 dagger.
You see here a bat skeleton.
Found a sling.
Done exploring.
Done exploring.
There is a stone staircase leading down here.
You climb downwards.
Found 8 stones.
There is a stone staircase leading up here.
As you read the scroll labelled JUNORI WOUME, it crumbles to dust.
The scroll dissolves into smoke.
It was a scroll of fog.
You now have 47 gold pieces (gained 5).
A quokka comes into view.
You shoot a sling bullet.
The sling bullet barely misses the quokka.
You shoot a sling bullet.
The sling bullet barely misses the quokka.
You shoot a sling bullet.
The sling bullet barely misses the quokka.
You shoot a sling bullet.
The sling bullet closely misses the quokka.
You shoot a sling bullet.
The sling bullet hits the quokka but does no damage.
The quokka bites you.
You shoot a sling bullet.
The sling bullet closely misses the quokka.
The quokka closely misses you. x2
You shoot a sling bullet. The sling bullet misses the quokka.
The quokka closely misses you. The quokka barely misses you.
You shoot a sling bullet.
The sling bullet closely misses the quokka.
The quokka closely misses you.
You shoot a sling bullet.
The sling bullet barely misses the quokka.
The quokka closely misses you. x2
You shoot a sling bullet.
The sling bullet closely misses the quokka.
The quokka bites you but does no damage.
You shoot a sling bullet.
The sling bullet closely misses the quokka.
The quokka barely misses you. The quokka closely misses you.
You shoot a sling bullet.
The sling bullet closely misses the quokka.
The quokka closely misses you.
You shoot a sling bullet. The sling bullet hits the quokka.
The quokka is almost dead.
The quokka barely misses you.
The quokka bites you but does no damage.
You shoot a sling bullet. The sling bullet hits the quokka!
You kill the quokka!
No target in view!
You see here a quokka corpse.
A bat comes into view.
You shoot a sling bullet. The sling bullet misses the bat.
You shoot a sling bullet. The sling bullet hits the bat.
You kill the bat!
No target in view!
No target in view!
You now have 52 gold pieces (gained 5).
A ball python comes into view.
The ball python hisses angrily.
You shoot a sling bullet.
The sling bullet barely misses the ball python.
You shoot a sling bullet.
The sling bullet barely misses the ball python.
You shoot a sling bullet. The sling bullet hits the ball python.
You kill the ball python!
No target in view!
No target in view!
You now have 61 gold pieces (gained 9).
You see here a ball python corpse.
A goblin comes into view. It is wielding a +0 dagger.
The goblin shouts!
You shoot a sling bullet. The sling bullet hits the goblin.
The goblin is severely wounded.
You shoot a sling bullet.
The sling bullet closely misses the goblin.
You shoot a sling bullet. The sling bullet hits the goblin!
You kill the goblin!
No target in view!
Things that are here:
a +0 dagger; a goblin corpse
Found an escape hatch in the floor.
You now have 64 gold pieces (gained 3).
Found a stone staircase leading down.
There is a stone staircase leading down here.
Found a hand axe.
Found a chain mail.
You see here a +0 chain mail.
i - a scroll labelled WOGEKUIROATS
Found a stone staircase leading up.
You see here a +0 hand axe.
A frilled lizard comes into view.
You shoot a sling bullet.
The sling bullet hits the frilled lizard.
The frilled lizard is heavily wounded.
No target in view!
No target in view!
You shoot a sling bullet.
The sling bullet hits the frilled lizard.
You kill the frilled lizard!
No target in view!
No target in view!
A dart slug comes into view.
You shoot a sling bullet. The sling bullet hits the dart slug.
The dart slug is heavily wounded.
You shoot a sling bullet. The sling bullet hits the dart slug.
The dart slug is almost dead.
The dart slug launches a dart at you. The slug dart hits you.
You shoot a sling bullet. The sling bullet hits the dart slug.
You kill the dart slug!
No target in view!
HP restored.
Found a robe.
You see here a dart slug corpse.
Found a ring mail.
An adder comes into view.
Cast which spell? (? or * to list)
Aiming: Slow (safe; 9% risk of failure)
Press: ? - help, Shift-Dir - straight line, f - adder
Aim: an adder (wandering, hasn't noticed you, chance to affect: 50%)
You miscast Slow.
You are very lightly contaminated with residual magic.
Nothing appears to happen.
The adder hisses angrily.
Cast which spell? (? or * to list)
Aiming: Slow (safe; 9% risk of failure)
Press: ? - help, Shift-Dir - straight line, f/p - adder
Aim: an adder (chance to affect: 50%)
The adder seems to slow down.
You shoot a sling bullet. The sling bullet hits the adder.
The adder is moderately wounded.
You shoot a sling bullet.
The sling bullet closely misses the adder.
You shoot a sling bullet. The sling bullet hits the adder.
The adder is moderately wounded.
You shoot a sling bullet.
The sling bullet closely misses the adder.
Your magical contamination has completely faded away.
You shoot a sling bullet. The sling bullet hits the adder.
The adder is almost dead.
The adder bites you but does no damage.
You shoot a sling bullet. The sling bullet misses the adder.
The adder barely misses you.
You shoot a sling bullet. The sling bullet misses the adder.
The adder is no longer moving slowly.
The adder bites you.
You shoot a sling bullet. The sling bullet hits the adder.
You kill the adder!
You have reached level 3!
Your experience leads to an increase in your attributes!
Increase (S)trength, (I)ntelligence, or (D)exterity?
You feel agile. x2; Your scales feel tougher.
Okay, then.
Magic restored.
An endoplasm comes into view.
You shoot a sling bullet. The endoplasm quivers.
The sling bullet hits the endoplasm but does no damage.
You shoot a sling bullet. The sling bullet hits the endoplasm.
You kill the endoplasm!
Training target 3.0 for Hexes reached!
Your Hexes skill increases to level 3!
No target in view!
No target in view!
You now have 74 gold pieces (gained 10).
You now have 89 gold pieces (gained 15).
A kobold comes into view. It is wielding a +0 short sword.
Found 7 gold pieces.
You shoot a sling bullet. The sling bullet hits the kobold.
You kill the kobold!
No target in view!
No target in view!
Found an escape hatch in the ceiling.
A frilled lizard comes into view.
The frilled lizard hisses angrily.
You shoot a sling bullet.
The sling bullet closely misses the frilled lizard.
You shoot a sling bullet.
The sling bullet barely misses the frilled lizard.
You shoot a sling bullet.
The sling bullet misses the frilled lizard.
You shoot a sling bullet.
The sling bullet misses the frilled lizard.
The frilled lizard barely misses you.
You shoot a sling bullet.
The sling bullet barely misses the frilled lizard.
The frilled lizard completely misses you.
You shoot a sling bullet.
The sling bullet misses the frilled lizard.
The frilled lizard barely misses you.
You shoot a sling bullet.
The sling bullet misses the frilled lizard.
The frilled lizard bites you but does no damage.
You shoot a sling bullet.
The sling bullet closely misses the frilled lizard.
The frilled lizard closely misses you.
The frilled lizard bites you but does no damage.
You shoot a sling bullet.
The sling bullet closely misses the frilled lizard.
The frilled lizard barely misses you.
You shoot a sling bullet.
The sling bullet closely misses the frilled lizard.
The frilled lizard misses you.
You shoot a sling bullet.
The sling bullet misses the frilled lizard.
The frilled lizard bites you but does no damage.
The frilled lizard bites you.
You shoot a sling bullet.
The sling bullet hits the frilled lizard.
You kill the frilled lizard!
No target in view!
No target in view!
Found 6 stones.
j - 3 scrolls labelled KUPIWO VESIFI
There is an escape hatch in the ceiling here.
Things that are here:
a +0 short sword; 5 stones; a kobold corpse You now have 96 gold pieces (gained 7).
As you open the door, it creaks loudly!
There is an open door here.
Found a ring mail.
An endoplasm comes into view.
The endoplasm moves out of view.
The endoplasm quivers.
You shoot a sling bullet.
The sling bullet barely misses the endoplasm.
You shoot a sling bullet. The sling bullet hits the endoplasm.
The endoplasm is moderately wounded.
You shoot a sling bullet. The sling bullet hits the endoplasm.
The endoplasm is severely wounded.
You shoot a sling bullet. The sling bullet hits the endoplasm.
You kill the endoplasm!
No target in view!
No target in view!
No target in view!
A rat comes into view.
Found a stone staircase leading down.
The rat moves out of view.
You shoot a sling bullet.
The sling bullet hits the rat but does no damage.
You shoot a sling bullet. The sling bullet barely misses the rat.
You shoot a sling bullet. The sling bullet hits the rat.
You kill the rat!
No target in view!
No target in view!
An endoplasm comes into view.
You shoot a sling bullet.
The sling bullet hits the endoplasm but does no damage.
The endoplasm quivers.
You shoot a sling bullet.
The sling bullet completely misses the endoplasm.
You shoot a sling bullet. The sling bullet hits the endoplasm.
The endoplasm is heavily wounded.
The endoplasm closely misses you. The endoplasm freezes you.
You are frozen.
You feel yourself slow down.
You shoot a sling bullet.
The sling bullet barely misses the endoplasm.
You feel yourself speed up. The endoplasm freezes you.
You are frozen.
You feel yourself slow down.
The endoplasm hits you but does no damage.
You shoot a sling bullet.
The sling bullet barely misses the endoplasm.
You feel yourself speed up.
The endoplasm hits you but does no damage.
The endoplasm barely misses you.
You shoot a sling bullet.
The sling bullet completely misses the endoplasm.
The endoplasm freezes you.
You are frozen.
You shoot a sling bullet. The sling bullet hits the endoplasm.
You kill the endoplasm!
You now have 111 gold pieces (gained 15).
h - 2 scrolls labelled LUWNEO YNYMAR (gained 1)
You now have 118 gold pieces (gained 7).
You now have 128 gold pieces (gained 10).
You see here 6 stones.
Found a stone staircase leading down.
You open the door.
There is an open door here.
You open the door.
Found a faded altar of an unknown god.
There is an open door here.
There is a faded altar of an unknown god here.
This altar belongs to (a) Wu Jian, (b) Gozag or (c) Ignis, but you can't tell which.
Press the corresponding letter to learn more about a god, or press enter to convert or escape to cancel.
Okay, then.
There is an open door here.
Key pressed, stopping explore.
Unknown command.
There is an open door here.
k - an orange potion A bat comes into view.
You shoot a sling bullet. The sling bullet hits the bat.
The bat is severely wounded.
The bat barely misses you.
You shoot a sling bullet. The sling bullet hits the bat.
You kill the bat!
No target in view!
A rat comes into view.
You shoot a sling bullet. The sling bullet barely misses the rat.
The rat bites you.
You shoot a sling bullet. The sling bullet hits the rat!
You kill the rat!
No target in view!
No target in view!
You now have 131 gold pieces (gained 3).
A goblin comes into view. It is wielding a +0 dagger.
The goblin shouts!
You shoot a sling bullet.
The sling bullet closely misses the goblin.
You shoot a sling bullet. The sling bullet hits the goblin.
The goblin is almost dead.
The goblin misses you.
You shoot a sling bullet.
The sling bullet closely misses the goblin.
The goblin hits you with a +0 dagger.
You shoot a sling bullet. The sling bullet hits the goblin!
You kill the goblin!
No target in view!
No target in view!
No target in view!
No target in view!
You see here a +0 dagger.
An adder comes into view.
You shoot a sling bullet.
The sling bullet closely misses the adder.
The adder bites you but does no damage.
You shoot a sling bullet.
The sling bullet hits the adder but does no damage.
The adder barely misses you.
You shoot a sling bullet.
The sling bullet hits the adder but does no damage.
The adder closely misses you. The adder barely misses you.
You shoot a sling bullet. The sling bullet misses the adder.
The adder closely misses you. The adder bites you but does no damage.
You shoot a sling bullet. The sling bullet misses the adder.
The adder closely misses you. x2
You shoot a sling bullet.
The sling bullet barely misses the adder.
The adder barely misses you.
You shoot a sling bullet. The sling bullet misses the adder.
The adder closely misses you. The adder bites you.
You shoot a sling bullet. The sling bullet hits the adder.
The adder is lightly wounded.
The adder closely misses you. The adder bites you but does no damage.
You shoot a sling bullet.
The sling bullet barely misses the adder.
The adder closely misses you.
You shoot a sling bullet.
The sling bullet barely misses the adder.
The adder barely misses you. The adder closely misses you.
You shoot a sling bullet.
The sling bullet barely misses the adder.
The adder bites you.
You are poisoned.
The adder poisons you!
You shoot a sling bullet. The sling bullet hits the adder.
The adder is moderately wounded.
You feel very sick.
The adder bites you but does no damage. x2
You shoot a sling bullet.
The sling bullet hits the adder but does no damage.
The adder is moderately wounded.
You feel sick. The adder barely misses you. The adder closely misses you.
You shoot a sling bullet.
The sling bullet closely misses the adder.
You feel sick. The adder barely misses you. The adder bites you.
You are more poisoned.
The adder poisons you!
You shoot a sling bullet. The sling bullet hits the adder.
The adder is heavily wounded.
You feel very sick. The adder bites you.
It was a potion of haste.
You feel yourself speed up.
You feel sick. The adder bites you but does no damage. The adder bites you.
* * * LOW HITPOINT WARNING * * *
It was a potion of flight.
You feel very buoyant.
You fly up into the air.
You feel sick.
It was a potion of mutation.
You feel extremely strange.
You feel frail.
You feel your magical essence link to the dungeon's wands.
The adder misses you.
You are quite poisoned (10 -> 6).
You are flying.
Your actions are hasted.
Your flying speed is very quick.
Your attack delay is about 0.8.
Your damage rating with your +1 sling is about 9 (Base 7 x 107% (Dex) x 106% (Skill) + 1 (Ench)).
Unknown command.
Fire: a) +1 sling
Press: ? - help, Q - select action, (/) - cycle Shift-Dir - straight line, f/p - adder
Aim: an adder (heavily wounded, 35% to hit)
You shoot a sling bullet.
The sling bullet hits the adder but does no damage.
The adder is heavily wounded.
You feel sick. The adder bites you.
* * * LOW HITPOINT WARNING * * *
Fire: a) +1 sling
Press: ? - help, Q - select action, (/) - cycle Shift-Dir - straight line, f/p - adder
Aim: an adder (heavily wounded, 35% to hit)
You shoot a sling bullet. The sling bullet misses the adder.
You feel sick. The adder barely misses you.
Fire: a) +1 sling
Press: ? - help, Q - select action, (/) - cycle Shift-Dir - straight line, f/p - adder
Aim: an adder (heavily wounded, 35% to hit)
You shoot a sling bullet. The sling bullet hits the adder.
The adder is severely wounded.
You feel sick. The adder bites you.
* * * LOW HITPOINT WARNING * * *
Fire: a) +1 sling
Press: ? - help, Q - select action, (/) - cycle Shift-Dir - straight line, f/p - adder
Aim: an adder (severely wounded, 35% to hit)
You shoot a sling bullet. The sling bullet misses the adder.
You feel sick.
The adder bites you but does no damage. x2
Fire: a) +1 sling
Press: ? - help, Q - select action, (/) - cycle Shift-Dir - straight line, f/p - adder
Aim: an adder (severely wounded, 35% to hit)
You shoot a sling bullet.
The sling bullet barely misses the adder.
You feel sick.
You are no longer poisoned.
The adder closely misses you.
Fire: a) +1 sling
Press: ? - help, Q - select action, (/) - cycle Shift-Dir - straight line, f/p - adder
Aim: an adder (severely wounded, 35% to hit)
You shoot a sling bullet. The sling bullet misses the adder.
The adder barely misses you.
Fire: a) +1 sling
Press: ? - help, Q - select action, (/) - cycle Shift-Dir - straight line, f/p - adder
Aim: an adder (severely wounded, 35% to hit)
You shoot a sling bullet. The sling bullet hits the adder.
The adder is almost dead.
The adder bites you.
* * * LOW HITPOINT WARNING * * *
You are lethally poisoned!
The adder poisons you!
Fire: a) +1 sling
Press: ? - help, Q - select action, (/) - cycle Shift-Dir - straight line, f/p - adder
Aim: an adder (almost dead, 35% to hit)
You shoot a sling bullet. The sling bullet hits the adder.
You kill the adder!
* * * LOW HITPOINT WARNING * * *
You feel sick.
Training target 2.0 for Stealth reached!
Your Stealth skill increases to level 2!
You are lethally poisoned (1 -> -3).
You are flying.
Your actions are hasted.
Your flying speed is very quick.
Your attack delay is about 0.8.
Your damage rating with your +1 sling is about 9 (Base 7 x 107% (Dex) x 106% (Skill) + 1 (Ench)).
Unknown command.
Found a stone staircase leading up.
You die...

..# ..# .## .# # # .# #<
.# ## .###. ## ... .#
##### #.###!#####.#
.###...# #....@......#
...#.#.#########.#######
##.#.#....# #.....#
#†#.####.# #####.#
#.#.##...# #.#
#...##.### #.# ###....#
#.# #.######### #.#
#.#.).....#######.#


There were no monsters in sight!

Vanquished Creatures
  2 adders (D:2)
  A dart slug (D:2)
  3 endoplasms (D:2)
  2 giant cockroaches (D:1)
  5 goblins
  2 hobgoblins (D:1)
  A quokka (D:2)
  A ball python (D:2)
  4 bats
  4 frilled lizards
  2 kobolds
  4 rats
31 creatures vanquished.

Notes
Turn   | Place    | Note
-------+----------+-------------------------------------------
     0 | D:1      | jagoly the Draconian Hexslinger began the quest for the
                  | Orb.
     0 | D:1      | Reached XP level 1. HP: 16/16 MP: 2/2
   273 | D:1      | Reached XP level 2. HP: 23/23 MP: 3/3
   297 | D:1      | Reached skill level 1 in Stealth
   863 | D:2      | Reached XP level 3. HP: 27/28 MP: 2/4
   880 | D:2      | Reached skill level 3 in Hexes
  1138 | D:2      | Found a faded altar of an unknown god.
  1268 | D:2      | Gained mutation: You are frail. (-10% HP) [potion of
                  | mutation]
  1268 | D:2      | Gained mutation: You expend magic power (3 MP) to
                  | strengthen your wands. [potion of mutation]
  1275 | D:2      | HP: 1/25 [adder (2)]
  1277 | D:2      | Succumbed to an adder's poison

Illustrated notes

Levels and vault maps discovered:
D:1:      psy_arrival_basics, layout_loops_ring
D:2:      layout_basic, hellmonk_ecumenical_altar_inner_sanctum

Skill      XL: |  1  2  3 |
---------------+----------+-----
Ranged Weapons | 2 |  2.7
Stealth        | 1 2 |  2.0
Hexes          | 3 |  3.0
Fighting       | |  1.1
Dodging        | |  1.7
Spellcasting   | |  1.0

Action                   || total
-------------------------++-------
 Fire: Sling             ||   150
 Cast: Slow              ||     1
  Use: Scroll            ||     1
       Potion            ||     3
Armor: Skin              ||    25
Dodge: Dodged            ||    54

Table legend: (Time is in decaauts)
 A = Elapsed time spent in this place.
 B = Non-inter-level travel time spent in this place.
 C = Inter-level travel time spent in this place.
 D = Time resting spent in this place.
 E = Time spent auto-exploring this place.
 F = Levels seen in this place.
 G = Mean time per level.
                   A        B        C        D        E       F      G
               +--------+--------+--------+--------+--------+-----+--------+
         Total |   1315 |   1304 |     11 |      0 |   1038 |   2 |  657.5 |
       Dungeon |   1315 |   1304 |     11 |      0 |   1038 |   2 |  657.5 |
               +--------+--------+--------+--------+--------+-----+--------+

Top non-repeatable levels by time:
     D:1: 683 daAuts
     D:2: 632 daAuts
